 Dungeon Crawl Stone Soup version 0.24.1-14-gf8d2b509d9 (webtiles) character file.

Game seed: 4199822035344220492, levelgen mode: deterministic

5604 H0rd4k the Carver (level 11, -1/82 (83) HPs)
             Began as a Human Artificer on June 2, 2020.
             Slain by Grum
             ... wielding a +0 spear
              (9 damage)
             ... on level 10 of the Dungeon on June 4, 2020.
             The game lasted 00:21:18 (13023 turns).

H0rd4k the Carver (Human Artificer)                Turns: 13023, Time: 00:21:19

HP:   -1/82 (83)    AC: 14    Str: 15    XL:     11   Next: 3%
MP:   14/14         EV:  6    Int: 12    God:
Gold: 629           SH:  0    Dex: 14    Spells: 10/10 levels left

rFire    . . .     SeeInvis .   G - +7 scimitar (freeze)
rCold    + . .     Gourm    .   (no shield)
rNeg     . . .     Faith    .   E - +2 plate armour {rC+}
rPois    .         Spirit   .   (no helmet)
rElec    .         Reflect  .   (no cloak)
rCorr    .         Harm     .   (no gloves)
MR       .....                  (no boots)
Stlth    ..........             (no amulet)
HPRegen  0.23/turn              (no ring)
MPRegen  0.14/turn              (no ring)

@: no status effects
A: no striking features
a: no special abilities


You were on level 10 of the Dungeon.
You were not hungry.

You visited 2 branches of the dungeon, and saw 11 of its levels.

You collected 629 gold pieces.

Inventory:

Hand Weapons
 a - a +0 short sword
 v - a +1 dagger of speed
 G - a +7 scimitar of freezing (weapon)
Missiles
 j - 17 poisoned darts (quivered)
Armour
 b - a +0 leather armour
 E - a +2 plate armour of cold resistance (worn)
Jewellery
 w - an uncursed ring of flight
 J - a cursed ring of teleportation {unknown}
Wands
 c - a wand of flame (10)
 d - a wand of enslavement (10)
 e - a wand of random effects (9)
 A - a wand of digging (6)
 D - a wand of acid (5)
 K - a wand of polymorph (7)
 M - a wand of scattershot (3)
 O - a wand of paralysis (10)
Scrolls
 g - 4 scrolls of teleportation
 h - 2 scrolls of magic mapping
 r - 2 scrolls of amnesia
 s - 4 scrolls of remove curse
 t - 13 scrolls of identify {unknown}
 u - a scroll of random uselessness {unknown}
 x - 3 scrolls of fear {unknown}
 y - 2 scrolls of fog {unknown}
 z - 2 scrolls of noise {unknown}
 H - a scroll of enchant weapon
 N - a scroll of silence {unknown}
 P - a scroll of blinking {unknown}
 Q - a scroll of vulnerability {unknown}
Potions
 i - 2 potions of curing
 k - 5 potions of resistance {unknown}
 l - 3 potions of might {unknown}
 m - 2 potions of magic {unknown}
 n - 7 potions of heal wounds {unknown}
 o - 2 potions of cancellation {unknown}
 p - a potion of brilliance {unknown}
 q - a potion of flight {unknown}
 B - a potion of lignification {unknown}
 C - a potion of haste {unknown}
 F - a potion of berserk rage {unknown}
 I - 2 potions of agility
Comestibles
 f - 8 rations


   Skills:
 + Level 6.4 Fighting
 + Level 5.3(8.2) Short Blades
 + Level 9.7(10.2) Long Blades
 + Level 3.4 Throwing
 + Level 4.4 Armour
 + Level 5.1 Dodging
 + Level 3.5 Stealth
 + Level 4.6 Evocations


You had 10 spell levels left.
You didn't know any spells.
Your spell library contained the following spells:

 Spells                   Type           Power        Failure   Level  Hunger
 Shock                    Conj/Air       #...         100%        1    ##.....
 Sting                    Conj/Pois      #...         100%        1    ##.....
 Poisonous Vapours        Pois/Air       #.....       100%        2    ###....
 Swiftness                Chrm/Air       #.......     100%        2    ###....
 Mephitic Cloud           Conj/Pois/Air  #.......     100%        3    ####...
 Static Discharge         Conj/Air       #.......     100%        3    ####...
 Airstrike                Air            #.........   100%        4    #####..
 Olgreb's Toxic Radiance  Pois           #.......     100%        4    #####..
 Lightning Bolt           Conj/Air       #.........   100%        5    ######.
 Venom Bolt               Conj/Pois      #.........   100%        5    ######.


Dungeon Overview and Level Annotations

Branches:
Dungeon (10/15)            Temple (1/1) D:7             Orc (0/2) D:10
   Lair: D:8-11

Altars:
Ashenzari
Cheibriados
Dithmenos
Elyvilon
Fedhas
Gozag
Hepliaklqana
Kikubaaqudgha
Makhleb
Nemelex Xobeh
Okawaru
Qazlal
Ru
Sif Muna
Trog
Uskayaw
Vehumet
Wu Jian
Xom
Yredelemnul
Zin
The Shining One

Shops:
D:5 =   D:9 *(

Annotations:
D:2 exclusion: downstairs
D:4 exclusions: downstairs and upstairs
D:6 exclusion: upstairs
D:7 exclusion: downstairs
D:9 exclusion: downstairs
D:10 Grum


Message History

Grum hits you from afar with a +0 spear!
You slash the wolf! You freeze the wolf.
The wolf is almost dead.
The wolf bites you but does no damage.
Grum hits you from afar with a +0 spear.
You completely miss the wolf.
The wolf is almost dead.
The wolf bites you!
* * * LOW HITPOINT WARNING * * *
The wolf bites you.
* * * LOW HITPOINT WARNING * * *
Grum hits you from afar with a +0 spear.
* * * LOW HITPOINT WARNING * * *
Evoke which item? (* to show all) (? for menu, Esc to quit)
Aiming: Enslavement
Press: ? - help, Shift-Dir - straight line, f - wolf
Aim: a wolf (almost dead, chance to defeat MR: 60%)
The wolf is charmed.
Grum hits you from afar with a +0 spear!
You die...

#...# ###..#
#...####...# #....)...##
######(##.# # #.(.'.## #
#.8.#..## ## ##..(##..#
'###'#.####.#########..#
#...##.# #..##.@hghh.#
#)>.##.# ##....#######
#...##.# ####......#
)###'#.## ..####.# ##
##...# .### # #.8.# #. #
#...# . # ##### ##


You could see Grum, 2 wolves and a friendly wolf.

Vanquished Creatures
  Maurice (D:8)
  Prince Ribbit (D:8)
  Grinder (D:5)
  A hippogriff (D:10)
  A killer bee (D:3)
  2 yaks
  A soldier ant (D:10)
  2 orc warriors (D:10)
  2 ice beasts
  2 sky beasts
  2 phantoms (D:9)
  3 necrophages
  A wolf (D:10)
  7 ogres
  A centaur (D:8)
  5 bullfrogs
  5 scorpions
  4 wights (D:7)
  4 howler monkeys
  6 crimson imps
  A centaur zombie (D:5)
  2 bullfrog zombies
  8 orc wizards
  5 hounds
  3 centaur skeletons
  A gnoll shaman (D:5)
  Crazy Yiuf (D:5)
  3 orc priests
  Ijyb (D:3)
  Terence (D:3)
  Natasha (thrice) (D:3)
  3 worker ants
  2 hound skeletons
  7 gnolls
  13 adders
  A shadow imp (D:5)
  An ooze (D:1)
  An adder zombie (D:6)
  3 worms
  2 dart slugs
  5 leopard geckos
  40 orcs
  6 bats
  4 giant cockroaches
  5 goblins
  7 hobgoblins
  3 jackals
  6 kobolds
  3 quokkas
  3 frilled lizards
  A giant cockroach zombie (D:5)
  5 rats
202 creatures vanquished.

Vanquished Creatures (collateral kills)
  A water moccasin zombie (D:3)
  2 killer bees (D:3)
  A crimson imp (D:5)
  An orc wizard (D:4)
  A shadow imp (D:4)
  2 orcs (D:3)
  2 hobgoblins (D:3)
  A goblin (D:3)
11 creatures vanquished.

Vanquished Creatures (others)
  A killer bee (D:3)
  An orc priest (D:3)
  An orc (D:3)
3 creatures vanquished.

Grand Total: 216 creatures vanquished

Notes
Turn   | Place    | Note
-------+----------+-------------------------------------------
     0 | D:1      | H0rd4k the Human Artificer began the quest for the Orb.
     0 | D:1      | Reached XP level 1. HP: 15/15 MP: 3/3
   268 | D:1      | Reached XP level 2. HP: 14/21 MP: 4/4
   623 | D:1      | Reached XP level 3. HP: 26/26 MP: 5/5
  1457 | D:2      | Reached skill level 1 in Armour
  1457 | D:2      | Reached XP level 4. HP: 26/32 MP: 6/6
  2723 | D:3      | Noticed Terence
  3019 | D:3      | HP: 1/32 [Terence/cursed +0 falchion (4)]
  3363 | D:3      | Noticed Natasha
  3367 | D:3      | Killed Natasha
  3367 | D:3      | Reached XP level 5. HP: 28/38 MP: 7/7
  3729 | D:4      | Found a shattered altar of Ashenzari.
  3729 | D:4      | Found an ancient bone altar of Kikubaaqudgha.
  3968 | D:4      | Reached XP level 6. HP: 37/44 MP: 8/8
  4111 | D:5      | Entered Level 5 of the Dungeon
  4565 | D:4      | Noticed an ogre
  4757 | D:4      | Killed an ogre
  4757 | D:4      | Reached XP level 7. HP: 24/51 MP: 9/9
  5000 | D:3      | Killed Terence
  5154 | D:3      | Noticed Natasha
  5168 | D:3      | Killed Natasha
  5430 | D:3      | Noticed Natasha
  5459 | D:3      | Killed Natasha
  5723 | D:3      | Found a blossoming altar of Fedhas.
  5777 | D:3      | Noticed Ijyb
  5904 | D:5      | Noticed Grinder
  5914 | D:5      | Paralysed by Grinder for 5 turns
  5925 | D:5      | Paralysed by Grinder for 6 turns
  5932 | D:5      | Found a burning altar of Makhleb.
  6172 | D:5      | Reached XP level 8. HP: 58/58 MP: 11/11
  6478 | D:5      | Found Otimol's Jewellery Emporium.
  6572 | D:5      | Reached skill level 5 in Short Blades
  6572 | D:5      | Reached skill level 1 in Throwing
  7003 | D:7      | Found a staircase to the Ecumenical Temple.
  7018 | Temple   | Entered the Ecumenical Temple
  7421 | D:7      | Reached skill level 1 in Long Blades
  7786 | D:6      | Reached skill level 2 in Long Blades
  7786 | D:6      | Reached XP level 9. HP: 60/65 MP: 12/12
  8309 | D:5      | Killed Grinder
  8309 | D:5      | Reached skill level 3 in Long Blades
  8369 | D:5      | Reached skill level 4 in Long Blades
  8388 | D:5      | Found a snail-covered altar of Cheibriados.
  8442 | D:5      | Found a shimmering blue altar of Sif Muna.
  8497 | D:5      | Found a runed translucent door.
  8498 | D:5      | Noticed Crazy Yiuf
  8669 | D:5      | Killed Crazy Yiuf
  8949 | D:3      | Killed Ijyb
  9320 | D:8      | Reached skill level 5 in Long Blades
  9322 | D:8      | Noticed Maurice
  9435 | D:8      | Found a shimmering altar of Xom.
  9435 | D:8      | Found a shimmering altar of Xom.
  9436 | D:8      | Found a shimmering altar of Xom.
  9436 | D:8      | Found a shimmering altar of Xom.
  9437 | D:8      | Found a shimmering altar of Xom.
  9438 | D:8      | Found a shimmering altar of Xom.
  9789 | D:8      | Noticed an elephant
  9789 | D:8      | Noticed Prince Ribbit
  9802 | D:8      | Reached skill level 6 in Long Blades
  9807 | D:8      | Noticed a lindwurm
  9807 | D:8      | an elephant changed into a lindwurm
  9810 | D:8      | Killed Prince Ribbit
  9821 | D:8      | a lindwurm changed into a floating eye
  9841 | D:8      | Reached skill level 5 in Fighting
  9841 | D:8      | Reached XP level 10. HP: 51/74 MP: 13/13
 10144 | D:8      | Killed Maurice
 10144 | D:8      | Reached skill level 7 in Long Blades
 11289 | D:9      | Found Qiepygeqy's Weapon Emporium.
 11347 | D:9      | Reached skill level 8 in Long Blades
 11693 | D:9      | Found an opulent altar of Gozag.
 11774 | D:9      | Reached skill level 5 in Dodging
 11812 | D:9      | Reached skill level 9 in Long Blades
 11934 | D:9      | Found Luuhim's General Store.
 12045 | D:10     | Entered Level 10 of the Dungeon
 12265 | D:10     | Found a staircase to the Orcish Mines.
 12708 | D:10     | Reached XP level 11. HP: 42/80 MP: 14/14
 13006 | D:10     | Noticed Grum
 13023 | D:10     | Slain by Grum

Levels and vault maps discovered:
D:1:      dpeg_arrival_fog, layout_loops_ring, serial_park_tiny_2
D:2:      layout_basic, chequers_jeans, minmay_tripent
D:3:      layout_loops_ring, fedhas_altar_4, first_ration, uniq_natasha,
          uniq_terence, uniq_ijyb
D:4:      layout_basic, chequers_temple_overflow_statue_of_worship,
          minmay_bisected
D:5:      layout_gridville, old_standard_altar, led_sif_pool,
          kennysheep_little_box, serial_shops, kennysheep_mini,
          uniq_crazy_yiuf_cottage, uniq_grinder
D:6:      layout_rooms
D:7:      layout_cave_pools, minmay_temple_entry_statues_fountains
D:8:      layout_layer_cave, xom_shifter_show, uniq_maurice, uniq_prince_ribbit1
D:9:      layout_irregular_city, nicolae_gozag_cash_rules_everything_around_me,
          serial_shops, kennysheep_mini_moat, shop
D:10:     layout_rooms, hiddenorc2_lemuel, uniq_grum, uniq_sonja
Temple:   eino_temple_water

Skill      XL: |  1  2  3  4  5  6  7  8  9 10 |
---------------+-------------------------------+-----
Short Blades   | 2 3 4 5 |  5.3
Armour         | 1 2 3 4 |  4.4
Fighting       | 2 3 4 5 6 |  6.4
Stealth        | 2 3 |  3.5
Dodging        | 3 4 5 |  5.1
Evocations     | 4 |  4.6
Throwing       | 3 |  3.4
Long Blades    | 2 6 9 |  9.7

Action                   |  1- 3 |  4- 6 |  7- 9 | 10-12 || total
-------------------------+-------+-------+-------+-------++-------
Melee: Short sword       |   136 |   130 |       |       ||   266
       Dagger            |       |    93 |   256 |       ||   349
       Scimitar          |       |       |   124 |   216 ||   340
Throw: Dart              |     4 |     5 |    49 |       ||    58
Evoke: Wand              |     1 |    22 |    26 |     4 ||    53
  Use: Potion            |       |     1 |     2 |       ||     3
       Scroll            |       |       |     5 |     1 ||     6
 Stab: Sleeping          |     1 |     4 |     1 |     3 ||     9
       Confused          |       |       |     2 |       ||     2
  Eat: Chunk             |     1 |     7 |    14 |     6 ||    28
       Ration            |       |     1 |     1 |     1 ||     3
Armor: Leather armour    |    49 |    26 |    39 |    12 ||   126
       Skin              |       |       |     5 |       ||     5
       Plate armour      |       |       |       |    53 ||    53
Dodge: Dodged            |   109 |    92 |   171 |    90 ||   462
       Rpst.: Scimitar   |       |       |    21 |    27 ||    48
